 Dungeon Crawl Stone Soup version 0.30.0-17-ge0270778cf (webtiles) character file.

Game seed: 14751363537000312444

136539 croobank the Nimble (level 17, -4/120 (131) HPs)
             Began as a Merfolk Ice Elementalist on May 22, 2023.
             Was a Priest of Sif Muna.
             Slain by a deep elf knight
             ... wielding a +4 rapier
              (5 damage)
             ... on level 1 of the Elven Halls.
             The game lasted 03:33:33 (38986 turns).

croobank the Nimble (Merfolk Ice Elementalist)     Turns: 38986, Time: 03:33:33

HP:   -4/120 (131)  AC: 19    Str: 16    XL:     17   Next: 21%
MP:   11/31         EV: 17    Int: 29    God:    Sif Muna [***...]
Gold: 453           SH:  5    Dex: 16    Spells: 3/36 levels left

rFire   . . .        a - +8 hand axe "Xesett" {elec, rC+ Int+2}
rCold   + . .        G - +0 buckler
rNeg    + . .        e - +2 ring mail of Hohoin {rElec Will- Regen+ Int+4}
rPois   .            D - +2 hat
rElec   +            p - +2 cloak
rCorr   .            h - +1 pair of gloves
SInv    .            n - +2 pair of boots
Will    ++...        (no amulet)
Stlth   +++++        j - ring of Syudatul {Will+ Str+3 Dex+3}
HPRegen 1.20/turn    r - ring "Neev" {rN+ Will+ Str+4 Int+2 Dex-2}
MPRegen 0.22/turn

%: no passive effects
@: drained
A: (nimble swimmer 2), mertail
a: Renounce Religion, Channel Magic, Forget Spell


You were on level 1 of the Elven Halls.
You worshipped Sif Muna.
Sif Muna was most pleased with you.
You visited 4 branches of the dungeon, and saw 23 of its levels.
You also visited: Gauntlet.

You collected 2296 gold pieces.
You spent 1843 gold pieces at shops.

Inventory:

Hand Weapons
 a - the +8 hand axe "Xesett" (weapon) {elec, rC+ Int+2}
   (You found it on level 4 of the Dungeon)

   Int:       It affects your intelligence (+2).
   rC:        It protects you from cold.
 b - a +2 falchion of flaming
 I - a +4 dagger
 V - a +5 war axe of electrocution
 Y - a +6 scimitar of draining
Missiles
 c - 13 javelins
 t - 2 atropa-tipped darts
 E - 3 silver javelins
Armour
 e - the +2 ring mail of Hohoin (worn) {rElec Will- Regen+ Int+4}
   (You found it on level 3 of the Lair of Beasts)

   Int:       It affects your intelligence (+4).
   rElec:     It insulates you from electricity.
   Regen:     It increases your rate of health regeneration.
   Will:      It decreases your willpower.
 h - a +1 pair of gloves (worn)
 n - a +2 pair of boots (worn)
 p - a +2 cloak (worn)
 D - a +2 hat (worn)
 G - a +0 buckler (worn)
 H - a +1 ring mail of poison resistance
 R - a +0 ring mail of fire resistance
Magical Staves
 C - a staff of cold
 K - a staff of air
Jewellery
 g - the ring "Takk" {rN+ Str+5 Int+6}
   (You took it off an iron imp on level 13 of the Dungeon)

   [ring of intelligence]

   Str:       It affects your strength (+5).
   Int:       It affects your intelligence (+6).
   rN:        It protects you from negative energy.
 j - the ring of Syudatul (left hand) {Will+ Str+3 Dex+3}
   (You acquired it on level 11 of the Dungeon)

   [ring of willpower]

   Str:       It affects your strength (+3).
   Dex:       It affects your dexterity (+3).
   Will:      It increases your willpower.
 o - a ring of magical power
 r - the ring "Neev" (right hand) {rN+ Will+ Str+4 Int+2 Dex-2}
   (You found it in a Gauntlet)

   [ring of willpower]

   Str:       It affects your strength (+4).
   Int:       It affects your intelligence (+2).
   Dex:       It affects your dexterity (-2).
   rN:        It protects you from negative energy.
   Will:      It increases your willpower.
 u - a +6 ring of intelligence
 v - the ring of Recklessness {rF+ rN+ Dex+3}
   (You bought it in a shop on level 2 of the Orcish Mines)

   [ring of protection from fire]

   Dex:       It affects your dexterity (+3).
   rF:        It protects you from fire.
   rN:        It protects you from negative energy.
 w - an amulet of regeneration
 x - a ring of wizardry
 A - a ring of resist corrosion
 Q - a ring of magical power
 W - a ring of protection from cold
 X - a ring of protection from cold
Wands
 i - a wand of digging (6)
 k - a wand of flame (52)
 B - a wand of iceblast (39)
 J - a wand of charming (23)
Scrolls
 d - a scroll of amnesia
 f - 7 scrolls of identify
 l - 3 scrolls of fog
 z - a scroll of immolation
 M - 3 scrolls of poison
 U - 4 scrolls of magic mapping
 Z - 5 scrolls of teleportation
Potions
 q - 4 potions of attraction
 s - 2 potions of invisibility
 y - 7 potions of curing
 F - a potion of resistance
 L - 2 potions of magic
 N - 2 potions of brilliance
 O - 5 potions of lignification
 P - 2 potions of ambrosia
 S - 4 potions of mutation
 T - 4 potions of cancellation
Miscellaneous
 m - a phantom mirror


   Skills:
 - Level 11.1 Fighting
 - Level 5.0 Axes
 - Level 6.0 Armour
 - Level 13.3 Dodging
 - Level 12.3 Stealth
 - Level 4.0 Shields
 + Level 10.3 Spellcasting
 - Level 3.0 Conjurations
 - Level 5.0 Hexes
 * Level 8.1 Summonings
 - Level 4.0 Translocations
 - Level 3.0 Fire Magic
 - Level 12.5 Ice Magic
 - Level 10.0 Invocations


You had 3 spell levels left.
You knew the following spells:

 Your Spells              Type           Power      Damage    Failure   Level
a - Freeze                Ice            100%       1d10      1%          1
b - Blink                 Tloc           76%        N/A       2%          2
c - Frozen Ramparts       Ice            100%       1d16      1%          3
d - Ozocubu's Armour      Ice            73%        N/A       1%          3
e - Confusing Touch       Hex            44%        N/A       3%          3
f - Foxfire               Conj/Fire      100%       2x1d9     2%          1
g - Summon Mana Viper     Hex/Summ       52%        N/A       16%         5
h - Summon Forest         Summ/Tloc      25%        N/A       19%         5
i - Summon Cactus Giant   Summ           29%        N/A       41%         6
j - Summon Ice Beast      Ice/Summ       66%        N/A       1%          4

Your spell library contained the following spells:

 Spells                   Type           Power      Damage    Failure   Level
 Summon Guardian Golem    Hex/Summ       52%        N/A       1%          3
 Magic Dart               Conj           100%       1d8       2%          1
 Lesser Beckoning         Tloc           76%        N/A       2%          2
 Searing Ray              Conj           64%        2d6       3%          2
 Portal Projectile        Hex/Tloc       82%        N/A       3%          3
 Kiss of Death            Conj/Necr      92%        2d12      4%          1
 Shock                    Conj/Air       92%        1d8       4%          1
 Dazzling Flash           Conj/Hex       76%        N/A       4%          3
 Gell's Gravitas          Tloc           38%        N/A       4%          3
 Teleport Other           Tloc           38%        N/A       4%          3
 Necrotise                Necr           60%        1d7       9%          1
 Poisonous Vapours        Pois/Air       30%        N/A       12%         2
 Mephitic Cloud           Conj/Pois/Air  20%        N/A       16%         3
 Swiftness                Air            15%        N/A       24%         3
 Vampiric Draining        Necr           15%        2d7       24%         3
 Ice Form                 Ice/Tmut       50%        N/A       6%          4
 Metabolic Englaciation   Hex/Ice        30%        N/A       6%          5
 Cause Fear               Hex            22%        N/A       11%         4
 Fulminant Prism          Conj/Hex       19%        3d10      16%         4
 Manifold Assault         Tloc           38%        N/A       16%         4
 Iskenderun's Mystic Bla  Conj/Tloc      35%        2d8       19%         4
 Freezing Cloud           Conj/Ice/Air   22%        6-21      26%         5
 Airstrike                Air            7%         2d(2-18)  63%         4
 Animate Dead             Necr           15%        N/A       63%         4
 Dispel Undead            Necr           15%        3d10      63%         4
 Yara's Violent Unravell  Hex/Tmut       14%        3d7       63%         5
 Simulacrum               Ice/Necr       25%        N/A       67%         6
 Irradiate                Conj/Tmut      11%        3d15      77%         5
 Agony                    Necr           15%        N/A       92%         5
 Blade Hands              Tmut           7%         N/A       92%         5
 Dispersal                Tloc           19%        N/A       94%         6
 Death Channel            Necr           7%         N/A       100%        6
 Dragon Form              Tmut           7%         N/A       100%        7
 Orb of Destruction       Conj           16%        9d7       100%        7
 Spellforged Servitor     Conj/Summ      23%        N/A       100%        7
 Storm Form               Tmut/Air       7%         N/A       100%        7
 Dragon's Call            Summ           29%        N/A       100%        9


Dungeon Overview and Level Annotations

Branches:
Dungeon (15/15)            Temple (0/1) D:4            Lair (5/5) D:10
  Swamp (0/4) Lair:3       Spider (0/4) Lair:2        Slime (0/5) Lair:4
    Orc (2/2) D:9             Elf (1/3) Orc:2        Vaults (0/5) D:13
 Depths (0/4) D:15        Gauntlet (visited)

Altars:
Ashenzari
Cheibriados
Dithmenos
Gozag
Hepliaklqana
Makhleb
Okawaru
Ru
Sif Muna
Trog
Uskayaw
Xom
Yredelemnul
Zin
The Shining One
Jiyva

Shops:
D:11 *   Orc:1 !   Orc:2 (*:=

Portals:
Abyss: D:7

Annotations:
D:7 2 transporters, 1 runed translucent door, themargong's ghost, novice MiFi
D:12 3 runed translucent doors, Roubeug's ghost, journeyman FeBe


Innate Abilities, Weirdness & Mutations

((You are very nimble when in or above water. (Stealth+, EV+, Speed+++)))
Your lower body shifts to a powerful aquatic tail in water.


Message History

The deep elf knight wields a +3 shortbow.
The deep elf knight shoots an arrow.
The arrow barely misses you.
The deep elf knight shoots an arrow.
The arrow hits your mana viper!
The deep elf knight shoots an arrow.
The arrow hits your mana viper!!
The deep elf knight points at you and mumbles some strange words.
The shard of ice hits your mana viper!!
Your mana viper dies!
Your mana viper disappears in a puff of smoke!
The deep elf knight shoots an arrow.
The arrow hits you.
* * * LOW HITPOINT WARNING * * *
The deep elf knight shoots an arrow.
You block the arrow.
The deep elf knight shoots an arrow.
The arrow hits you but does no damage.
The deep elf knight casts a spell at you.
The shard of ice misses you.
The deep elf knight shoots an arrow.
The arrow hits you.
The deep elf knight gestures wildly while chanting.
The deep elf knight flickers and vanishes!
Deactivating autopickup; reactivate with Ctrl-A.
You hear some strange, mumbled words.
A shard of ice appears from out of thin air!
The shard of ice hits you! You partially resist.
* * * LOW HITPOINT WARNING * * *
Casting: Summon Mana Viper (dangerous; 16% risk of failure)
Confirm with . or Enter, or press ? or * to list all spells.
A mana viper appears with a sibilant hiss.
Something hits you!
* * * LOW HITPOINT WARNING * * *
Something hits you but does no damage.
You completely miss something. Something hits you but does no damage.
You feel better.
You hear some strange, mumbled words.
A shard of ice appears from out of thin air!
The shard of ice hits you. You partially resist.
* * * LOW HITPOINT WARNING * * *
You hear some strange, mumbled words.
A shard of ice appears from out of thin air!
The shard of ice hits you! You partially resist.
* * * LOW HITPOINT WARNING * * *
Something hits you.
You die...

#.##### .... .## ....
## ... ... # #'# ....
# #.# ..... + #.#
..... # .^
####'##..... #
..##...{.#..... #
###...S@.##'... ##
##.........## .## ###
#...........# #.###..#
#...........#
##'....###...........#
#......'.'...........#
###....###...........#
##...# ##.........##
#'### ##.......##


You could see a friendly mana viper (summoned).

Vanquished Creatures
  Frances (D:14)
  A deep elf demonologist (Elf:1)
  Snorg (Lair:3)
  A fire dragon (D:15)
  Harold (D:9)
  A vault guard (D:13)
  2 catoblepae
  Erolcha (D:9)
  2 hydras
  3 centaur warriors
  2 boulder beetles
  A dancing weapon (Orc:2)
  An ogre mage (D:15)
  A tengu warrior (D:15)
  7 two-headed ogres
  8 death yaks
  5 orc high priests (Orc:2)
  A deep elf knight (Elf:1)
  A skyshark (Lair:2)
  A deep troll (Lair:1)
  2 wizards (D:13)
  A deep elf zephyrmancer (D:15)
  12 orc knights
  A lindwurm (Lair:5)
  2 necromancers
  2 deep elf archers (Elf:1)
  4 deep elf pyromancers
  A wolf spider (shapeshifter) (D:15)
  3 orc sorcerers
  3 ugly things (D:14)
  An oklob plant (Lair:4)
  3 elephants (Lair:5)
  4 cyclopes
  2 black mambas
  7 cane toads
  2 gargoyles (D:12)
  An unseen horror (D:10)
  A torpor snail (Lair:4)
  A rime drake (Lair:3)
  10 komodo dragons
  3 trolls
  A kobold demonologist (D:12)
  2 tengu conjurers
  3 meliai (Gauntlet)
  A meliai (shapeshifter) (D:15)
  A hornet (D:9)
  4 polar bears
  Prince Ribbit (D:9)
  16 blink frogs
  2 dream sheep (Lair:4)
  A jumping spider (Lair:2)
  9 slime creatures
  Sigmund (D:6)
  A ynoxinul (Gauntlet)
  4 culicivoras (Lair:2)
  4 wraiths
  4 shadows (Gauntlet)
  3 vampires
  19 humans (D:13)
  2 basilisks
  3 wyverns
  33 yaks
  3 vampire mosquitoes (D:12)
  3 wargs (Orc:1)
  2 steam dragons
  2 redbacks (Lair:2)
  An acid dragon (D:9)
  19 water moccasins
  49 orc warriors
  6 black bears
  3 sky beasts
  5 ogres
  28 wolves
  15 centaurs
  A phantom (D:7)
  23 bullfrogs
  6 scorpions
  3 wights (D:9)
  17 killer bees
  4 howler monkeys
  7 electric eels (Lair:3)
  A human zombie (D:7)
  12 jellies (Lair:4)
  38 orc priests
  A hound (D:5)
  4 gnoll boudas
  An iguana (D:6)
  7 iron imps
  2 sleepcaps
  Jessica (D:3)
  21 orc wizards
  2 boggart skeletons (D:15)
  A boggart simulacrum (D:15)
  9 adders
  15 gnolls
  A shadow imp (D:5)
  A worm (D:3)
  2 dart slugs
  97 orcs
  10 bats
  9 endoplasms
  3 giant cockroaches
  3 goblins
  3 hobgoblins
  3 jackals (D:4)
  2 quokkas (D:1)
  9 ball pythons
  8 frilled lizards
  A jackal skeleton (D:7)
  8 kobolds
  8 rats
703 creatures vanquished.

Vanquished Creatures (collateral kills)
  A minotaur (Lair:2)
  Josephine (D:12)
  A catoblepas (D:15)
  3 death yaks (Lair:5)
  A dancing weapon (Elf:1)
  A deep troll shaman (Lair:5)
  2 deep elf knights (Elf:1)
  A deep elf archer (Elf:1)
  5 deep elf zephyrmancers (Elf:1)
  An orc sorcerer (D:15)
  A centaur zombie (D:15)
  A centaur simulacrum (D:15)
  5 wraiths
  5 centaurs (D:13)
  22 foxfires
51 creatures vanquished.

Vanquished Creatures (others)
  A wizard (D:9)
  An orc (D:9)
  1115 foxfires
1117 creatures vanquished.

Grand Total: 1871 creatures vanquished

Notes
Turn   | Place    | Note
-------+----------+-------------------------------------------
     0 | D:1      | croobank the Merfolk Ice Elementalist began the quest for
                  | the Orb.
     0 | D:1      | Reached XP level 1. HP: 13/13 MP: 3/3
   187 | D:1      | Reached skill level 3 in Dodging
   187 | D:1      | Reached XP level 2. HP: 16/17 MP: 5/5
   544 | D:1      | Found a faded altar of an unknown god.
   553 | D:1      | Prayed at the altar of an unknown god.
   553 | D:1      | Became a worshipper of Sif Muna the Loreminder
   553 | D:1      | Reached * piety under Sif Muna
   907 | D:2      | Learned a level 2 spell: Blink
  1057 | D:2      | Reached XP level 3. HP: 23/25 MP: 3/6
  1061 | D:2      | Learned a level 3 spell: Frozen Ramparts
  1264 | D:2      | Reached skill level 1 in Fighting
  1508 | D:2      | Reached XP level 4. HP: 31/32 MP: 7/7
  1597 | D:2      | Identified the +1 hand axe "Nuahor" {venom, Int+2}
  1615 | D:2      | HP: 1/32 [something/puff of flame (12)]
  1618 | D:2      | Reached skill level 1 in Translocations
  1726 | D:2      | Reached ** piety under Sif Muna
  2089 | D:3      | Reached XP level 5. HP: 3/37 MP: 8/8
  3025 | D:3      | Noticed Jessica
  3041 | D:3      | Killed Jessica
  3205 | D:3      | Found a glowing golden altar of the Shining One.
  3320 | D:4      | Identified the +8 hand axe "Xesett" {elec, rC+ Int+2}
  3559 | D:4      | Reached XP level 6. HP: 36/43 MP: 9/9
  3628 | D:4      | Found a staircase to the Ecumenical Temple.
  4186 | D:5      | Entered Level 5 of the Dungeon
  4392 | D:5      | Reached skill level 5 in Ice Magic
  4392 | D:5      | Reached skill level 1 in Invocations
  4392 | D:5      | Reached XP level 7. HP: 44/48 MP: 11/11
  4546 | D:5      | Found an opulent altar of Gozag.
  4554 | D:5      | Reached skill level 4 in Dodging
  4593 | D:5      | Found a burning altar of Makhleb.
  4593 | D:5      | Found an iron altar of Okawaru.
  4621 | D:5      | Found a glowing silver altar of Zin.
  4971 | D:6      | Learned a level 3 spell: Ozocubu's Armour
  4990 | D:6      | Reached XP level 8. HP: 50/57 MP: 13/13
  5252 | D:6      | Reached skill level 5 in Dodging
  5663 | D:6      | Noticed Sigmund
  5669 | D:6      | Killed Sigmund
  5670 | D:6      | Reached skill level 5 in Stealth
  5879 | D:7      | Found a one-way gate to the infinite horrors of the Abyss.
  5879 | D:7      | Noticed themargong's ghost (novice MiFi)
  5887 | D:7      | Noticed an ancient zyme
  5918 | D:7      | HP: 2/60 [sky beast (6)]
  5922 | D:7      | Reached *** piety under Sif Muna
  6035 | D:7      | Reached skill level 6 in Dodging
  6035 | D:7      | Reached XP level 9. HP: 53/65 MP: 15/15
  6104 | D:7      | Found a transporter.
  6136 | D:7      | Found a runed translucent door.
  6152 | D:7      | Found a basalt altar of Yredelemnul.
  6668 | D:7      | Found a transporter.
  7170 | D:8      | Reached skill level 5 in Fighting
  7290 | D:8      | Reached skill level 5 in Spellcasting
  7360 | D:7      | Reached skill level 7 in Dodging
  7612 | D:8      | Found a snail-covered altar of Cheibriados.
  7612 | D:8      | Found a shadowy altar of Dithmenos.
  7614 | D:8      | Found a hide-covered altar of Uskayaw.
  7617 | D:8      | Found a shimmering altar of Xom.
  7939 | D:8      | Reached skill level 5 in Invocations
  8205 | D:8      | Found a hazy altar of Hepliaklqana.
  8249 | D:8      | Found a sacrificial altar of Ru.
  8410 | D:8      | Reached XP level 10. HP: 47/74 MP: 17/17
  8551 | D:9      | Noticed Prince Ribbit
  8555 | D:10     | Entered Level 10 of the Dungeon
  8815 | D:10     | Reached **** piety under Sif Muna
  8817 | D:10     | Reached skill level 8 in Dodging
  9107 | D:10     | Killed an unseen horror
  9468 | D:10     | Found a staircase to the Lair.
  9532 | D:9      | Killed Prince Ribbit
  9683 | D:9      | Found a broken altar of Ashenzari.
  9897 | D:9      | Reached skill level 1 in Axes
  9897 | D:9      | Reached XP level 11. HP: 60/83 MP: 20/20
 10571 | D:9      | Found a bloodstained altar of Trog.
 10587 | D:9      | Noticed Harold
 10601 | D:9      | Killed Harold
 10619 | D:9      | Noticed Erolcha
 10627 | D:9      | Killed Erolcha
 10628 | D:9      | Reached skill level 5 in Axes
 10900 | D:9      | Found a staircase to the Orcish Mines.
 11108 | D:9      | Noticed a wizard
 11111 | D:9      | Killed a wizard
 11591 | D:11     | Identified a scroll of acquirement
 11591 | D:11     | Acquired the ring of Syudatul {Will+ Str+3 Dex+3}
 11802 | D:11     | Noticed a cyclops
 11812 | D:11     | Killed a cyclops
 11882 | D:11     | Reached skill level 9 in Dodging
 12472 | D:11     | Found Gokana's CLEARANCE SALE!.
 12479 | D:11     | Bought a potion of curing for 12 gold pieces
 12479 | D:11     | Bought a potion of curing for 12 gold pieces
 13243 | D:12     | Found a runed translucent gate.
 13244 | D:12     | Noticed Roubeug's ghost (journeyman FeBe)
 13254 | D:12     | Found a runed translucent gate.
 13255 | D:12     | Found a runed translucent gate.
 13260 | D:12     | Noticed a boulder beetle
 13265 | D:12     | Reached skill level 10 in Dodging
 13265 | D:12     | Reached XP level 12. HP: 94/94 MP: 22/22
 13293 | D:12     | Killed a boulder beetle
 13362 | D:12     | Noticed a two-headed ogre
 13425 | D:12     | Killed a two-headed ogre
 13426 | D:12     | Reached XP level 13. HP: 72/99 MP: 24/24
 14204 | Lair:1   | Entered Level 1 of the Lair of Beasts
 14214 | Lair:1   | Reached ***** piety under Sif Muna
 14216 | Lair:1   | Reached skill level 10 in Stealth
 14216 | Lair:1   | Reached skill level 10 in Ice Magic
 14218 | Lair:1   | Received a gift from Sif Muna
 14223 | Lair:1   | Got Sif Muna's Elucidation of Conjury {god gift}
 14470 | Lair:1   | Reached skill level 11 in Dodging
 15959 | Lair:2   | Found a gate leading to a gauntlet.
 16022 | Gauntlet | Entered a Gauntlet
 16022 | Gauntlet | Found a transporter.
 16031 | Gauntlet | Found a transporter.
 16033 | Gauntlet | Found a transporter.
 16035 | Gauntlet | Found a transporter.
 16061 | Gauntlet | Found a transporter.
 16069 | Gauntlet | Found a transporter.
 16084 | Gauntlet | Found a transporter.
 16087 | Gauntlet | Noticed a quicksilver ooze
 16089 | Gauntlet | Found a transporter.
 16110 | Gauntlet | Found a transporter.
 16123 | Gauntlet | Found a transporter.
 16132 | Gauntlet | Found a large runed translucent door.
 16133 | Gauntlet | Found a large runed translucent door.
 16134 | Gauntlet | Found a large runed translucent door.
 16134 | Gauntlet | Found a large runed translucent door.
 16135 | Gauntlet | Found a runed translucent gate.
 16136 | Gauntlet | Found a transporter.
 16136 | Gauntlet | Found a runed translucent gate.
 16137 | Gauntlet | Found a runed translucent gate.
 16137 | Gauntlet | Found a large runed translucent door.
 16137 | Gauntlet | Found a large runed translucent door.
 16137 | Gauntlet | Found a runed translucent door.
 16137 | Gauntlet | Found a runed translucent door.
 16138 | Gauntlet | Found a large runed translucent door.
 16138 | Gauntlet | Noticed a dire elephant
 16139 | Gauntlet | Found a large runed translucent door.
 16141 | Gauntlet | Found a transporter.
 16146 | Gauntlet | Found a large runed translucent door.
 16146 | Gauntlet | Found a large runed translucent door.
 16147 | Gauntlet | Found a large runed translucent door.
 16148 | Gauntlet | Found a large runed translucent door.
 16156 | Gauntlet | Found a transporter.
 16168 | Gauntlet | Found a transporter.
 16173 | Gauntlet | Found a transporter.
 16198 | Gauntlet | Found a transporter.
 16224 | Gauntlet | Found a transporter.
 16242 | Gauntlet | Found a transporter.
 16324 | Gauntlet | Learned a level 3 spell: Confusing Touch
 16370 | Gauntlet | Found a large runed translucent door.
 16371 | Gauntlet | Found a large runed translucent door.
 16557 | Gauntlet | Found a large runed translucent door.
 16557 | Gauntlet | Found a large runed translucent door.
 16806 | Gauntlet | Identified the ring "Neev" {rN+ Will+ Str+4 Int+2 Dex-2}
 16932 | Gauntlet | Identified the +6 plate armour of Thoughtfulness {rF+
                  | Will++}
 16932 | Gauntlet | Noticed a minotaur
 16967 | Lair:2   | HP: 3/101 [minotaur/silver javelin (4)]
 16968 | Lair:2   | Killed a minotaur
 18624 | Lair:2   | Found a hole to the Spider Nest.
 18637 | Lair:2   | Learned a level 1 spell: Foxfire
 18929 | Lair:2   | Reached skill level 1 in Fire Magic
 19317 | Lair:3   | Identified the +2 ring mail of Hohoin {rElec Will- Regen+
                  | Int+4}
 19335 | Lair:3   | Noticed Snorg
 19341 | Lair:3   | Reached skill level 1 in Armour
 19357 | Lair:3   | Killed Snorg
 19715 | Lair:3   | Found a staircase to the Swamp.
 20559 | Lair:4   | Reached XP level 14. HP: 109/109 MP: 14/26
 20634 | Lair:4   | Reached skill level 1 in Hexes
 22005 | Lair:4   | Reached skill level 5 in Hexes
 22419 | Lair:4   | Reached skill level 1 in Conjurations
 22434 | Lair:3   | Reached skill level 12 in Dodging
 23072 | Lair:4   | Found a viscous altar of Jiyva.
 23073 | Lair:4   | Found a staircase to the Slime Pits.
 23178 | Lair:5   | Entered Level 5 of the Lair of Beasts
 23310 | Lair:5   | Reached skill level 10 in Fighting
 25111 | Lair:5   | Received a gift from Sif Muna
 25855 | Lair:5   | Identified the +3 short sword of Qoyziu {freeze, Str+5
                  | Int+3 Stlth-}
 26730 | D:13     | Noticed Josephine
 26740 | D:12     | Killed Josephine
 26763 | D:13     | Reached XP level 15. HP: 101/117 MP: 2/28
 27528 | D:13     | Reached skill level 13 in Dodging
 28054 | D:13     | Found a gate to the Vaults.
 28378 | D:13     | Identified the ring "Takk" {rN+ Str+5 Int+6}
 28382 | D:13     | Found a burning altar of Makhleb.
 28944 | D:14     | Noticed Frances
 28974 | D:14     | Killed Frances
 28975 | D:14     | Reached skill level 1 in Shields
 29660 | D:15     | Entered Level 15 of the Dungeon
 29864 | Orc:1    | Entered Level 1 of the Orcish Mines
 29864 | Orc:1    | Found Nistruiv's Distillery.
 30308 | Orc:1    | Bought a potion of experience for 650 gold pieces
 30328 | Orc:1    | Reached skill level 10 in Spellcasting
 30328 | Orc:1    | Reached skill level 10 in Invocations
 30328 | Orc:1    | Reached XP level 16. HP: 125/125 MP: 28/30
 30492 | Orc:2    | Entered Level 2 of the Orcish Mines
 30936 | Orc:1    | Received a gift from Sif Muna
 30939 | Orc:1    | Got Sif Muna's Elucidation of the Fair Folk and Cadavers
                  | {god gift}
 31019 | Orc:2    | Found a bloodstained altar of Trog.
 31475 | Orc:2    | Found a staircase to the Elven Halls.
 32655 | Orc:2    | Reached skill level 5 in Armour
 34225 | Orc:2    | Found Isochagg's Book Emporium.
 34225 | Orc:2    | Found Imeriq's Jewellery Emporium.
 34226 | Orc:2    | Found Fopsalae's Weapon Emporium.
 34226 | Orc:2    | Found Gevvauhi's General Store.
 34233 | Orc:2    | Bought a book of the Wilderness for 532 gold pieces
 34239 | Orc:2    | Learned a level 5 spell: Summon Mana Viper
 34245 | Orc:2    | Learned a level 5 spell: Summon Forest
 34252 | Orc:2    | Learned a level 6 spell: Summon Cactus Giant
 34312 | Orc:2    | Reached skill level 1 in Summonings
 36504 | D:15     | Reached skill level 5 in Summonings
 36807 | D:15     | Found a staircase to the Depths.
 37387 | D:15     | Reached XP level 17. HP: 94/131 MP: 18/31
 38087 | Orc:2    | Bought the ring of Recklessness {rF+ rN+ Dex+3} for 637
                  | gold pieces
 38143 | Elf:1    | Entered Level 1 of the Elven Halls
 38852 | Elf:1    | Learned a level 4 spell: Summon Ice Beast
 38985 | Elf:1    | HP: 1/120 [something/shard of ice (17)]
 38986 | Elf:1    | Slain by a deep elf knight

Illustrated notes

Levels and vault maps discovered:
D:1:      roderic_chinese_lattice_arrival, layout_basic,
          shapermc_ecumenical_altar_pompeii
D:2:      layout_basic, minmay_stone_trees_medium, minmay_cupped
D:3:      layout_basic, overflow_temple_1_default,
          hangedman_decor_diamond_cutter, uniq_jessica
D:4:      layout_gridville, minmay_temple_entry_drinking_statues,
          amethyst_killhole, dreamdust_mushroom_princess
D:5:      layout_rooms, amcnicky_altar_gilded, zin_academy,
          gammafunk_temple_overflow_elements
D:6:      layout_loops_cross, uniq_sigmund
D:7:      layout_basic, dk_yredelemnul_ordeal, gammafunk_ghost_abyssal_escape,
          hangedman_abyss_or_decor_jellyfish_corner, minmay_misc_feat_cross
D:8:      layout_rooms, lemuel_doored_altar, lemuel_coloured_pillars_altar,
          grunt_temple_overflow_cloverleaf
D:9:      layout_cave_pools, ashenzari_altar_1, trog_wizard, david_orc_2,
          uniq_erolcha, uniq_harold, uniq_prince_ribbit1
D:10:     layout_loops_cross, due_lair_maze_entry_diamond
D:11:     layout_loops_ring, nicolae_shop_clearance
D:12:     layout_small_grid, biasface_ghost_orc_armoury, serial_rivers,
          chequers_serial_rivers_large_a, chequers_serial_rivers_micro_b,
          chequers_serial_rivers_micro_e, chequers_serial_rivers_room_a,
          chequers_serial_rivers_small_b, chequers_serial_rivers_micro_b
D:13:     layout_stronghold, grunt_vaults_entry_tiered, serial_rivers,
          chequers_serial_rivers_room_b, chequers_serial_rivers_small_a,
          chequers_serial_rivers_micro_a, chequers_serial_rivers_large_b,
          chequers_serial_rivers_micro_b, demons_altar, uniq_josephine
D:14:     layout_stronghold, uniq_frances
D:15:     grunt_enter_depths_magical_seal, layout_grid_maze,
          nicolae_concentric_dashed_squares_mild
Lair:1:   dreamdust_cave_troll, layout_cave_pods, grunt_megastairs_2
Lair:2:   layout_gridlike, nicolae_spider_entry_tight_spaces,
          gauntlet_entry_generic, beast_lair_carwin_1
Lair:3:   layout_long_grid, minmay_swamp_entry_eels, serial_bayou,
          serial_bayou_lake_a, serial_bayou_lagoon_a, serial_bayou_crossing,
          serial_bayou_pond_e, uniq_snorg
Lair:4:   layout_misc_corridors, minmay_slime_entry_jelly_boxes,
          dreamdust_gnoll_shepherd, grunt_megastairs_1
Lair:5:   grunt_lair_end_beastmaster, layout_long_grid, lemuel_fruit_tree
Orc:1:    layout_caves, serial_shops, shop
Orc:2:    st_orc_pillars, layout_diamond_mine, basic_altar,
          hangedman_feature_mirror, david_defended_altar_orc
Elf:1:    layout_geoelf_octagon, kennysheep_underground_church

Skill      XL: |  1  2  3  4  5  6  7  8  9 10 11 12 13 14 15 16 17 |
---------------+----------------------------------------------------+-----
Dodging        | 3 4 6 7 8 10 11 12 13 | 13.3
Fighting       | 1 2 4 5 6 8 9 10 11 | 11.1
Stealth        | 3 4 5 6 8 9 10 11 12 | 12.3
Translocations | 2 3 4 |  4.0
Ice Magic      | 5 6 7 8 9 10 11 12 | 12.5
Invocations    | 1 2 3 5 6 7 8 9 10 | 10.0
Spellcasting   | 3 4 5 6 7 8 9 10 | 10.3
Axes           | 1 5 |  5.0
Fire Magic     | 2 3 |  3.0
Armour         | 2 3 6 |  6.0
Hexes          | 5 |  5.0
Conjurations   | 3 |  3.0
Shields        | 3 4 |  4.0
Summonings     | 6 8 |  8.1

Action                     |  1- 3 |  4- 6 |  7- 9 | 10-12 | 13-15 | 16-18 || total
---------------------------+-------+-------+-------+-------+-------+-------++-------
  Melee: Short sword       |    14 |       |       |       |       |       ||    14
         Unarmed           |     1 |       |       |       |       |       ||     1
         Hand axe          |       |    74 |    98 |   145 |   615 |   458 ||  1390
         Punch             |       |     1 |     2 |     4 |    14 |       ||    21
         Dagger            |       |       |       |     8 |    38 |     2 ||    48
         Staff             |       |       |       |       |     6 |       ||     6
         Falchion          |       |       |       |       |    20 |       ||    20
   Fire: Arbalest          |       |       |       |    11 |     3 |       ||    14
  Throw: Throwing net      |       |       |       |     1 |     1 |       ||     2
         Javelin           |       |       |       |     1 |     1 |     1 ||     3
         Dart              |       |       |       |       |     4 |       ||     4
   Cast: Freeze            |    31 |    15 |    29 |    54 |    17 |     2 ||   148
         Frozen Ramparts   |     6 |    27 |    35 |    42 |   114 |    31 ||   255
         Blink             |       |     1 |       |     2 |     5 |     2 ||    10
         Ozocubu's Armour  |       |       |    15 |    30 |    94 |    45 ||   184
         Foxfire           |       |       |       |       |   359 |   297 ||   656
         Confusing Touch   |       |       |       |       |    69 |    44 ||   113
         Dragon's Call     |       |       |       |       |     3 |     2 ||     5
         Summon Mana Viper |       |       |       |       |       |     8 ||     8
         Summon Forest     |       |       |       |       |       |     1 ||     1
 Invoke: Divine Exegesis   |       |       |       |       |     3 |     2 ||     5
         Channel Magic     |       |       |       |       |     2 |       ||     2
  Evoke: Wand              |       |       |     1 |    12 |     7 |     1 ||    21
         Tin of tremorston |       |       |       |       |     1 |       ||     1
         Phantom mirror    |       |       |       |       |     1 |       ||     1
    Use: Potion            |     2 |     2 |     1 |     3 |    12 |     6 ||    26
         Scroll            |     2 |    10 |     7 |    11 |    18 |     8 ||    56
   Stab: Sleeping          |     4 |     1 |     4 |     4 |     9 |     1 ||    23
         Confused          |       |       |       |       |    19 |    23 ||    42
         Invisible         |       |       |       |       |     2 |       ||     2
         Held in net/web   |       |       |       |       |     2 |       ||     2
         Petrified         |       |       |       |       |     3 |     7 ||    10
         Distracted        |       |       |       |       |     1 |     2 ||     3
 Armour: Robe              |     7 |    15 |    50 |    78 |   175 |       ||   325
         Skin              |       |     1 |       |       |       |       ||     1
         Troll leather arm |       |       |       |       |   219 |       ||   219
         Ring mail         |       |       |       |       |    13 |   346 ||   359
  Dodge: Dodged            |    24 |    54 |   124 |   195 |   891 |   398 ||  1686
  Block: Buckler           |       |       |       |       |    10 |   169 ||   179
